 Dungeon Crawl Stone Soup version 0.31.0-11-ge490571c62 (webtiles) character file.

Game seed: 7609314400489256332

1621 Suckerboh the Destroyer (level 8, -3/41 HPs)
             Began as a Deep Elf Conjurer on Jan 31, 2024.
             Was an Initiate of Sif Muna.
             Slain by a killer bee (7 damage)
             ... on level 7 of the Dungeon.
             The game lasted 00:10:48 (7835 turns).

Suckerboh the Destroyer (Deep Elf Conjurer)         Turns: 7835, Time: 00:10:49

Health: -3/41      AC:  3    Str:  4    XL:     8   Next: 64%
Magic:  4/22       EV: 13    Int: 26    God:    Sif Muna [......]
Gold:   303        SH:  0    Dex: 13    Spells: 17/24 levels left

rFire   + . .        a - staff of fire
rCold   . . .        (no shield)
rNeg    . . .        x - +0 robe
rPois   .            (no helmet)
rElec   .            (no cloak)
rCorr   .            y - +0 pair of gloves
SInv    .            (no boots)
Will    .....        (no amulet)
Stlth   +            (no ring)
HPRegen 0.26/turn    (no ring)
MPRegen 0.18/turn

%: no passive effects
@: lethally poisoned (-3 -> -18), silenced, hasted, very quick
A: no striking features
a: Renounce Religion


You were on level 7 of the Dungeon.
You worshipped Sif Muna.
Sif Muna was noncommittal.
You visited 2 branches of the dungeon, and saw 8 of its levels.

You collected 303 gold pieces.

Inventory:

Hand Weapons
 v - a +1 hand axe of freezing
Missiles
 l - 6 atropa-tipped darts
Armour
 x - a +0 robe (worn)
 y - a +0 pair of gloves (worn)
Magical Staves
 a - a staff of fire (weapon)
Scrolls
 c - 5 scrolls of identify
 f - 3 scrolls of enchant weapon {unknown}
 j - 7 scrolls of immolation
 k - a scroll of poison {unknown}
 n - a scroll of revelation {unknown}
 p - a scroll of brand weapon {unknown}
 q - 2 scrolls of blinking {unknown}
 r - 2 scrolls of silence
 t - a scroll of fog {unknown}
Potions
 b - 5 potions of magic
 d - a potion of berserk rage {unknown}
 e - a potion of lignification {unknown}
 g - 5 potions of haste
 h - a potion of brilliance {unknown}
 i - a potion of might {unknown}
 m - a potion of heal wounds
 o - 2 potions of ambrosia {unknown}
 s - a potion of mutation {unknown}
 u - a potion of degeneration {unknown}
 w - a potion of enlightenment {unknown}
 z - 2 potions of curing {unknown}
 A - a potion of cancellation {unknown}


   Skills:
 + Level 4.2 Dodging
 - Level 2.4 Stealth
 + Level 8.7 Spellcasting
 * Level 10.3 Conjurations
 + Level 0.1 Translocations


You had 17 spell levels left.
You knew the following spells:

 Your Spells              Type           Power      Damage    Failure   Level
a - Magic Dart            Conj           100%       1d8       1%          1
b - Searing Ray           Conj           100%       2d8       1%          2
c - Iskenderun's Mystic   Conj/Tloc      38%        2d9       6%          4

Your spell library contained the following spells:

 Spells                   Type           Power      Damage    Failure   Level
 Kiss of Death            Conj/Necr      100%       2d13      1%          1
 Shock                    Conj/Air       100%       1d9       1%          1
 Fulminant Prism          Conj/Alch      19%        3d11      6%          4
 Confusing Touch          Hex            11%        N/A       16%         3
 Frozen Ramparts          Ice            22%        1d4       16%         3
 Swiftness                Air            11%        N/A       16%         3
 Airstrike                Air            5%         2d(1-17)  45%         4
 Dispel Undead            Necr           11%        3d9       45%         4
 Leda's Liquefaction      Alch/Erth      5%         N/A       45%         4
 Petrify                  Alch/Erth      11%        N/A       45%         4
 Metabolic Englaciation   Hex/Ice        5%         N/A       82%         5


Dungeon Overview and Level Annotations

Branches:
Dungeon (7/15)             Temple (1/1) D:5

Altars:
Dithmenos
Elyvilon
Fedhas
Gozag
Hepliaklqana
Kikubaaqudgha
Nemelex Xobeh
Okawaru
Qazlal
Ru
Sif Muna
Trog
Vehumet
Wu Jian
Xom
Yredelemnul
Zin
The Shining One


Message History

The killer bee poisons you!
The killer bee moves out of view.
You aren't carrying any items that you can evoke.
Unknown command.
You aren't carrying any items that you can evoke.
Unknown command.
As you read the scroll labelled ULYREL UPH, it crumbles to dust.
It is a scroll of identify.
j - 7 scrolls of immolation You feel sick.
The killer bee stings you! The killer bee misses you.
The killer bee closely misses you.
Unknown command.
As you read the scroll labelled MUEGOA QAEDGH, it crumbles to dust.
A profound silence engulfs you.
It was a scroll of silence.
You feel sick. The killer bee stings you. The killer bee closely misses you.
A kobold comes into view. It is wielding a +0 dagger.
The killer bee barely misses you.
It was a potion of haste.
You feel yourself speed up.
You feel sick. The killer bee barely misses you.
The killer bee closely misses you. x2
The killer bee stings you!
* * * LOW HITPOINT WARNING * * *
You are lethally poisoned!
The killer bee poisons you! The killer bee closely misses you.
The killer bee stings you but does no damage.
The killer bee misses you.
Unknown command.
It was a potion of heal wounds.
You feel much better.
You feel sick.
The killer bee stings you. x2; The killer bee completely misses you.
The killer bee barely misses you.
You feel sick. The killer bee stings you!
* * * LOW HITPOINT WARNING * * *
You feel sick.
The killer bee attacks as it pursues you!
The killer bee stings you.
* * * LOW HITPOINT WARNING * * *
The killer bee attacks as it pursues you!
The killer bee stings you.
* * * LOW HITPOINT WARNING * * *
You are more poisoned.
The killer bee poisons you! The killer bee stings you!
You die...

#.............
#........K....
#............
#..........=#
#...>.))..# .
#...))..).# ..
#..y...†..#..# #.
#.yyyy.)...... #.[
##.@y...<..###.
..##........[......
........###.##.#..#
....#.####.........
###...# #.........
#...####.........
#<.###.....##....
#......##.....###
#.......###...###


You could see 6 killer bees and a kobold.

Vanquished Creatures
  A water moccasin (D:4)
  3 ice beasts
  An ogre (D:6)
  The ghost of diceflayer the Insei, an amateur DsSh (D:3)
  A kobold brigand (D:7)
  Blork the orc (D:5)
  2 bullfrogs (D:6)
  3 scorpions
  5 hounds
  3 orc priests
  An iguana (D:5)
  A sleepcap (D:4)
  4 orc wizards
  A hound zombie (D:3)
  3 gnolls (D:4)
  5 adders
  A shadow imp (D:7)
  An adder zombie (D:3)
  3 dart slugs
  5 ribbon worms
  23 orcs
  14 ball pythons
  13 endoplasms
  6 giant cockroaches
  8 goblins
  8 hobgoblins
  A jackal (D:3)
  11 kobolds
  3 quokkas
  4 bats
  2 frilled lizards (D:2)
  6 rats
145 creatures vanquished.

Notes
Turn   | Place    | Note
-------+----------+-------------------------------------------
     0 | D:1      | Suckerboh the Deep Elf Conjurer began the quest for the
                  | Orb.
     0 | D:1      | Reached XP level 1. HP: 10/10 MP: 6/6
   258 | D:1      | Reached XP level 2. HP: 15/15 MP: 5/8
   419 | D:1      | Reached skill level 5 in Conjurations
   928 | D:1      | Reached XP level 3. HP: 19/19 MP: 5/9
   931 | D:1      | Learned a level 2 spell: Searing Ray
  1325 | D:1      | Found a faded altar of an unknown god.
  2652 | D:3      | Reached XP level 4. HP: 20/24 MP: 9/11
  2665 | D:3      | Learned a level 4 spell: Iskenderun's Mystic Blast
  2739 | D:3      | Found a runed translucent gate.
  2739 | D:3      | Found a runed translucent gate.
  2739 | D:3      | Found a runed translucent gate.
  2739 | D:3      | Noticed diceflayer's ghost (amateur DsSh)
  2741 | D:3      | Found a basalt altar of Yredelemnul.
  2793 | D:3      | Reached skill level 6 in Conjurations
  2839 | D:3      | Reached XP level 5. HP: 28/28 MP: 1/13
  3519 | D:4      | Reached skill level 5 in Spellcasting
  3630 | D:4      | Found a white marble altar of Elyvilon.
  3641 | D:4      | Reached skill level 7 in Conjurations
  3688 | D:4      | Reached XP level 6. HP: 32/32 MP: 10/15
  3962 | D:4      | Noticed a water moccasin
  4304 | D:4      | Killed a water moccasin
  4602 | D:4      | Reached XP level 7. HP: 24/36 MP: 12/18
  4813 | D:5      | Entered Level 5 of the Dungeon
  4861 | D:5      | Reached skill level 8 in Conjurations
  5019 | D:5      | Noticed Blork the orc
  5025 | D:5      | Killed Blork the orc
  5102 | D:5      | Found an ancient bone altar of Kikubaaqudgha.
  5105 | D:5      | Found a blossoming altar of Fedhas.
  5200 | D:5      | Found an iron altar of Okawaru.
  5315 | D:5      | Found a staircase to the Ecumenical Temple.
  5320 | Temple   | Entered the Ecumenical Temple
  5333 | Temple   | Became a worshipper of Sif Muna the Loreminder
  5982 | D:6      | Found an opulent altar of Gozag.
  6256 | D:6      | Reached skill level 9 in Conjurations
  6405 | D:6      | Reached XP level 8. HP: 41/41 MP: 14/21
  6555 | D:6      | Found an ornate altar of the Wu Jian Council.
  7594 | D:3      | Killed diceflayer's ghost
  7760 | D:7      | Reached skill level 10 in Conjurations
  7835 | D:7      | Slain by a killer bee

Illustrated notes

Levels and vault maps discovered:
D:1:      dpeg_arrival_morbid_curiosity, layout_basic,
          dreamdust_ecumenical_altar_hidden_monk_grotto
D:2:      layout_basic, mrwooster_statue_mirror, st_stairs_7
D:3:      wad_river_or_something, layout_basic,
          nicolae_yredelemnul_ghost_church, portal_sewer_entry_d,
          minmay_misc_feat_enclosed, minmay_misc_feat_room,
          minmay_fractal_squares_5
D:4:      layout_basic, kennysheep_mini_moat
D:5:      layout_gridville, grunt_temple_overflow_growth_and_decay,
          okawaru_metal_pillars_1_2, minmay_temple_entry_overgrown,
          uniq_blork_the_orc
D:6:      layout_rooms, lemuel_round_altar, lemuel_doored_altar,
          serial_co_window_serial, co_window_corner_a, co_window_corner_a,
          co_window_corner_a, co_window_corner_a, co_window_paths_a,
          co_window_of_opportunity_a, co_window_corner_a,
          co_window_unsneaky_path_c, co_window_corner_ca, co_window_cross_3,
          co_window_2corner, co_window_2corner, co_window_cross_2,
          co_window_corner_b, glass_columns_b
D:7:      layout_rooms, enter_bailey_7, item_on_display_a
Temple:   nicolae_temple_ecumenical_triangle

Skill      XL: |  1  2  3  4  5  6  7  8 |
---------------+-------------------------+-----
Conjurations   | 5 6 7 9 10 | 10.3
Spellcasting   | 4 5 6 7 8 |  8.7
Dodging        | 3 4 |  4.2
Stealth        | |  2.4
Translocations | |  0.1

Action                     |  1- 3 |  4- 6 |  7- 9 || total
---------------------------+-------+-------+-------++-------
  Melee: Unarmed           |       |     2 |       ||     2
   Cast: Magic Dart        |    92 |    71 |    47 ||   210
         Searing Ray       |     3 |    20 |    25 ||    48
         Iskenderun's Myst |       |       |     2 ||     2
    Use: Scroll            |       |       |     2 ||     2
         Potion            |       |       |     2 ||     2
 Armour: Robe              |     6 |    18 |    30 ||    54
  Dodge: Dodged            |     3 |    21 |    31 ||    55
